AoeStats
← Kaii

Arena

510279421Analyzed
4v4 RM · 2d ago on Sep 30, 2026· 16m 2s· 8 players
Game mode
Random Map
Map size
Large (8 player)
Population
200
Speed
Normal
Resources
Standard
Victory
Conquest
Starting age
Dark Age
Ending age
Imperial Age
RankedLock teamsTeams togetherTeam positionsShared explorationLock speedFull tech treeHidden civsTurbo modeCheats
Victory
Defeat
🇶🇦 Saxons · Qatar
1528
+10
🇲🇽 Sicilians · Mexico
1523
+10
🇬🇧 Danes · United Kingdom
1508
+11
1290
+20
🇭🇰 Bengalis · Hong Kong SAR China
1429
-14
🇹🇷 Koreans · Türkiye
1402
-13
🇹🇷 Lithuanians · Türkiye
1365
-12
🇩🇪 Poles · Germany
1361
-12
Jerriks
10:47 Feudal Age
15:09 Castle Age
13:56 Stone Mining
14:02 Double-Bit Axe
C0R0NA
10:40 Feudal Age
Kaii
10:19 Feudal Age
明征北大将军
9:43 Feudal Age
Locke
10:18 Feudal Age
14:16 Castle Age
12:10 Double-Bit Axe
12:26 Horse Collar
15:34 Arson
JanChess
11:09 Feudal Age
14:50 Castle Age
13:25 Double-Bit Axe
13:22 Horse Collar
13:56 Gold Mining
15:28 Wheelbarrow
15:47 Loom
16:48 Bow Saw
17:16 Gold Shaft Mining
[DH]Misratronic
10:45 Feudal Age
12:26 Loom
15:05 Castle Age
14:56 Fletching
16:05 Scale Mail Armor
轻绘梨花泪满衣
11:46 Feudal Age
15:46 Castle Age
13:43 Double-Bit Axe
14:29 Horse Collar
16:34 Forging
Connection lost

Rejoining the realm…

Still unreachable

The connection could not be restored.

Session expired

The server has moved on; the page needs a fresh start.